 Dungeon Crawl Stone Soup version 0.29.1-1-gd02db6906a (webtiles) character file.

Game seed: 15655173506473876538

51 groovy9 the Shooter (level 3, -2/31 HPs)
             Began as a Minotaur Hunter on Sept 15, 2022.
             Slain by a hobgoblin
             ... wielding a +0 long sword
              (12 damage)
             ... on level 2 of the Dungeon.
             The game lasted 00:02:24 (1446 turns).

groovy9 the Shooter (Minotaur Hunter)               Turns: 1446, Time: 00:02:25

Health: -2/31      AC:  3    Str: 15    XL:     3   Next: 57%
Magic:  2/2        EV: 12    Int:  6    God:
Gold:   168        SH:  0    Dex: 15    Spells: 2/2 levels left

rFire   . . .      SeeInvis .   a - +0 shortbow
rCold   . . .      Faith    .   (shield currently unavailable)
rNeg    . . .      Spirit   .   c - +0 leather armour
rPois   .          Reflect  .   (helmet restricted)
rElec   .          Harm     .   (no cloak)
rCorr   .          Rampage  .   (no gloves)
Will    .....                   (no boots)
Stlth   +.........              (no amulet)
HPRegen 0.10/turn               (no ring)
MPRegen 0.08/turn               (no ring)

@: no status effects
A: horns 2, retaliatory headbutt
a: no special abilities


You were on level 2 of the Dungeon.
You visited 1 branch of the dungeon, and saw 2 of its levels.

You collected 168 gold pieces.

Inventory:

Hand Weapons
 a - a +0 shortbow (weapon)
Armour
 c - a +0 leather armour (worn)
Scrolls
 b - a scroll of immolation
 d - 2 scrolls of identify {unknown}
 e - a scroll of enchant weapon {unknown}
 g - 2 scrolls of blinking {unknown}
 l - a scroll of noise {unknown}
 m - 2 scrolls of teleportation {unknown}
Potions
 f - 2 potions of mutation {unknown}
 h - a potion of might {unknown}
 i - a potion of magic {unknown}
 j - a potion of cancellation {unknown}
 k - a potion of heal wounds


   Skills:
 + Level 3.1 Fighting
 * Level 5.2 Ranged Weapons
 + Level 2.9 Dodging
 - Level 0.7 Stealth


You had 2 spell levels left.
You didn't know any spells.
Your spell library was empty.

Dungeon Overview and Level Annotations

Branches:
Dungeon (2/15)

Altars:

Shops:
D:2 =


Innate Abilities, Weirdness & Mutations

You have a pair of horns on your head.
You reflexively headbutt those who attack you in melee.


Message History

The bat hits you but does no damage. The hobgoblin barely misses you.
You furiously retaliate!
You headbutt the hobgoblin!
You kill the hobgoblin!
You shoot an arrow.
The arrow hits the bat but does no damage.
The bat hits you but does no damage. The bat misses you.
The bat barely misses you. You furiously retaliate!
You headbutt the bat!
You kill the bat!
You shoot an arrow. The arrow hits the hobgoblin.
The hobgoblin is almost dead.
The hobgoblin hits you with a +0 long sword.
You shoot an arrow. The arrow barely misses the hobgoblin.
The hobgoblin hits you with a +0 long sword!
You are too injured to fight recklessly!
You are too injured to fight recklessly!
Fire: a) +0 shortbow
Press: ? - help, Q - select action Shift-Dir - straight line, f/p - hobgoblin
Aim: a hobgoblin, wielding a +0 long sword and wearing a +0 robe (almost dead, 62% to hit)
You shoot an arrow. The arrow closely misses the hobgoblin.
The hobgoblin drinks a potion.
The hobgoblin is healed!
The hobgoblin hits you with a +0 long sword!
* * * LOW HITPOINT WARNING * * *
Fire: a) +0 shortbow
Press: ? - help, Q - select action Shift-Dir - straight line, f/p - hobgoblin
Aim: a hobgoblin, wielding a +0 long sword and wearing a +0 robe (62% to hit)
You shoot an arrow. The arrow barely misses the hobgoblin.
The hobgoblin closely misses you.
Fire: a) +0 shortbow
Press: ? - help, Q - select action Shift-Dir - straight line, f/p - hobgoblin
Aim: a hobgoblin, wielding a +0 long sword and wearing a +0 robe (62% to hit)
You shoot an arrow.
The arrow hits the hobgoblin but does no damage.
The hobgoblin misses you.
Fire: a) +0 shortbow
Press: ? - help, Q - select action Shift-Dir - straight line, f/p - hobgoblin
Aim: a hobgoblin, wielding a +0 long sword and wearing a +0 robe (62% to hit)
You shoot an arrow.
The arrow hits the hobgoblin but does no damage.
The hobgoblin hits you with a +0 long sword!
You die...

. .. ... ... ..
#######.#
#....@g.#
#.#######.#
#..# ####.#
##.###.....
##......#.####
###............
#.......##..##
....####.....##
.... ##....#


You could see a hobgoblin.

Vanquished Creatures
  An adder (D:2)
  3 bats
  8 endoplasms
  2 giant cockroaches
  2 goblins
  4 hobgoblins
  A kobold (D:2)
  3 quokkas (D:1)
  7 ball pythons (D:1)
  5 rats
36 creatures vanquished.

Notes
Turn   | Place    | Note
-------+----------+-------------------------------------------
     0 | D:1      | groovy9 the Minotaur Hunter began the quest for the Orb.
     0 | D:1      | Reached XP level 1. HP: 18/18 MP: 0/0
   160 | D:1      | Reached XP level 2. HP: 24/25 MP: 1/1
   878 | D:2      | Reached skill level 5 in Ranged Weapons
   880 | D:2      | Reached XP level 3. HP: 7/31 MP: 2/2
  1364 | D:2      | Found Lokeant's Jewellery Shoppe.
  1446 | D:2      | Slain by a hobgoblin

Illustrated notes

Levels and vault maps discovered:
D:1:      zaba_arrival_water, layout_basic, minmay_shallow_snake_nest
D:2:      layout_rooms, serial_shops, nicolae_shop_trees,
          hellmonk_ecumenical_altar_inner_sanctum, uniq_robin

Skill      XL: |  1  2 |
---------------+-------+-----
Fighting       | 3 |  3.1
Ranged Weapons | 5 |  5.2
Dodging        | |  2.9
Stealth        | |  0.7

Action                   || total
-------------------------++-------
 Fire: Shortbow          ||   105
Armor: Leather armour    ||    10
Dodge: Dodged            ||    47
